 Dungeon Crawl Stone Soup version 0.29-a0-330-g52719c12eb (webtiles) character file.

Game seed: 9785104480213580369

2785 Anon1729 the Magician (level 10, -5/60 HPs)
             Began as a Djinni Venom Mage on Apr 17, 2022.
             Was a Follower of Fedhas.
             Slain by Joseph
             ... wielding a +0 quarterstaff
              (7 damage)
             ... on level 7 of the Dungeon.
             The game lasted 00:15:51 (9923 turns).

Anon1729 the Magician (Djinni Venom Mage)           Turns: 9923, Time: 00:15:52

Health: -5/60      AC:  3    Str:  4 (7)  XL:     10   Next: 1%
Gold:   286        EV: 14    Int: 18 (21) God:    Fedhas [*.....] SH:  5 Dex: 12 (14)

rFire   + + .      SeeInvis .   A - +2 dagger (protect)
rCold   x . .      Faith    .   (no shield)
rNeg    + . .      Spirit   .   a - +0 robe
rPois   ∞          Reflect  +   (no helmet)
rElec   .          Harm     .   j - +0 cloak
rCorr   .          Rampage  .   (no gloves)
Will    +....                   (boots unavailable)
Stlth   +++.......              q - amulet of reflection
HPRegen 0.20/turn               v - ring of wizardry
MPRegen 0.00/turn               w - ring of positive energy

@: flying, studying Invocations
A: sickness immunity, fire resistance 2, cold vulnerability 1, float, innate
caster, HP casting, extra vitality 1
a: Renounce Religion


You were on level 7 of the Dungeon.
You worshipped Fedhas.
Fedhas was aware of your devotion.
You visited 2 branches of the dungeon, and saw 8 of its levels.

You collected 286 gold pieces.

Inventory:

Hand Weapons
 A - a +2 dagger of protection (weapon)
Missiles
 i - 5 curare-tipped darts
 l - 4 boomerangs
Armour
 a - a +0 robe (worn)
 j - a +0 cloak (worn)
 G - a scarf of harm
Jewellery
 q - an amulet of reflection (around neck)
 v - a ring of wizardry (left hand)
 w - a ring of positive energy (right hand)
 y - a ring of resist corrosion
Wands
 C - a wand of polymorph (8)
 D - a wand of paralysis (5)
 F - a wand of mindburst (12)
Scrolls
 d - 2 scrolls of blinking
 h - 2 scrolls of teleportation
 o - a scroll of noise {unknown}
 r - a scroll of amnesia {unknown}
 s - a scroll of torment {unknown}
 x - 2 scrolls of fear
 z - 2 scrolls of vulnerability
 B - 3 scrolls of enchant armour
 E - a scroll of immolation {unknown}
 H - a scroll of fog {unknown}
Potions
 b - 3 potions of flight {unknown}
 c - 2 potions of curing
 e - a potion of haste {unknown}
 f - 3 potions of attraction {unknown}
 g - a potion of invisibility {unknown}
 k - 3 potions of mutation {unknown}
 m - a potion of brilliance {unknown}
 n - 2 potions of degeneration
 p - a potion of might {unknown}
 t - 2 potions of lignification {unknown}
 u - a potion of berserk rage {unknown}


   Skills:
 + Level 7.2 Dodging
 + Level 5.9 Stealth
 * Level 7.2 Spellcasting
 + Level 4.6 Invocations


You had 3 spell levels left.
You knew the following spells:

 Your Spells              Type           Power      Damage    Failure   Level
a - Sting                 Tmut/Pois      100%       1d8       1%          1
b - Poisonous Vapours     Pois/Air       64%        N/A       1%          2
c - Mephitic Cloud        Conj/Pois/Air  32%        N/A       1%          3
d - Olgreb's Toxic Radia  Pois           32%        N/A       2%          4
e - Apportation           Tloc           64%        N/A       1%          1
f - Wereblood             Tmut           32%        N/A       1%          2
g - Swiftness             Air            32%        N/A       1%          3
h - Fulminant Prism       Conj/Hex       16%        3d11      2%          4
Your spell library was empty.

Dungeon Overview and Level Annotations

Branches:
Dungeon (7/15)             Temple (1/1) D:6

Altars:
Ashenzari
Cheibriados
Dithmenos
Elyvilon
Fedhas
Gozag
Kikubaaqudgha
Makhleb
Nemelex Xobeh
Okawaru
Qazlal
Ru
Sif Muna
Trog
Uskayaw
Vehumet
Wu Jian
Xom
Yredelemnul
Zin
The Shining One

Shops:
D:1 [

Annotations:
D:5 exclusion: ice beast
D:7 Joseph


Innate Abilities, Weirdness & Mutations

You are immune to sickness and miasma.
You are immune to poison.
Your flesh is very heat resistant. (rF++)
You are vulnerable to cold. (rC-)
You float through the air rather than walking.
You learn spells naturally, not from books.
Your magical power is your life essence.
You have superior vitality. (+4 MHP)


Message History

The water moccasin bites you.
* * * LOW HITPOINT WARNING * * *
Your fulminant prism explodes!
The blast of energy engulfs Joseph!
Joseph is heavily wounded.
The blast of energy engulfs the water moccasin!!
You kill the water moccasin!
Fedhas appreciates your contribution to the ecosystem.
Your fulminant prism crackles loudly.
You have reached level 10!
You feel better.
Your fulminant prism explodes!
The blast of energy engulfs Joseph!!
Joseph is almost dead.
Joseph unwields a +0 quarterstaff.
Joseph wields a +0 hunting sling.
Joseph shoots a sling bullet.
The sling bullet hits you!
* * * LOW HITPOINT WARNING * * *
Aiming: Paralyse
Press: ? - help, Shift-Dir - straight line, f - Joseph
Aim: Joseph, wielding a +0 hunting sling and wearing a +0 ring mail (almost dead, chance to affect: 31%)
Okay, then.
Aiming: Mindburst
Press: ? - help, Shift-Dir - straight line, f - Joseph
Aim: Joseph, wielding a +0 hunting sling and wearing a +0 ring mail (almost dead, chance to affect: 47%) Joseph resists with some effort.
Aiming: Mindburst
Press: ? - help, Shift-Dir - straight line, f/p - Joseph
Aim: Joseph, wielding a +0 hunting sling and wearing a +0 ring mail (almost dead, chance to affect: 47%) Joseph resists with some effort.
Aiming: Mindburst
Press: ? - help, Shift-Dir - straight line, f/p - Joseph
Aim: Joseph, wielding a +0 hunting sling and wearing a +0 ring mail (almost dead, chance to affect: 47%) Joseph resists with some effort.
Joseph unwields a +0 hunting sling.
Joseph wields a +0 quarterstaff.
Joseph misses you.
Aiming: Mindburst
Press: ? - help, Shift-Dir - straight line, f/p - Joseph
Aim: Joseph, wielding a +0 quarterstaff and wearing a +0 ring mail (almost dead, chance to affect: 47%) Joseph resists with some effort.
Joseph hits you with a +0 quarterstaff!
You die...
Fedhas appreciates your contribution to the ecosystem.

$.. #.. ## ##+## #.#
.. ##...## #.# .##.
##.....## #.# ....
##.......## #..
#..###.......†.####..
#..@@'......††.'.....
+..###.........####..
#. ##.......## #.. #
##.....## #.. ##...##
#.# ##+## #.# #.. ###
#


You could see Joseph.

Vanquished Creatures
  Sigmund (D:2)
  A yak (D:4)
  Menkaure (D:7)
  Duvessa (D:6)
  2 water moccasins
  2 sky beasts
  3 ogres
  An ice beast (D:6)
  A phantom (D:6)
  2 bullfrogs
  2 scorpions (D:7)
  A necrophage (D:6)
  Dowan (D:6)
  A killer bee (D:4)
  4 howler monkeys
  4 hounds
  4 orc priests
  2 gnoll shamans
  A jelly (D:6)
  Terence (D:3)
  7 iguanas
  2 orc wizards
  Natasha (thrice) (D:2)
  11 gnolls
  7 adders
  A white imp (D:6)
  A worm (D:3)
  A dart slug (D:1)
  10 orcs
  7 ball pythons
  6 endoplasms
  2 giant cockroaches
  7 goblins
  3 hobgoblins
  4 kobolds
  6 quokkas
  4 bats
  2 frilled lizards
  6 rats
  2 fulminant prisms
128 creatures vanquished.

Vanquished Creatures (others)
  14 fulminant prisms
  2 fungi (D:2)
  10 plants (D:2)
26 creatures vanquished.

Grand Total: 154 creatures vanquished

Notes
Turn   | Place    | Note
-------+----------+-------------------------------------------
     0 | D:1      | Anon1729 the Djinni Venom Mage began the quest for the Orb.
     0 | D:1      | Reached XP level 1. HP: 15/15 MP: 0/0
   308 | D:1      | Reached XP level 2. HP: 20/21 MP: 0/0
   516 | D:1      | Reached XP level 3. HP: 19/25 MP: 0/0
   516 | D:1      | Learned a level 1 spell: Apportation
   739 | D:1      | Found Mioden Emaen's Antique Armour Boutique.
  1028 | D:2      | Noticed Natasha
  1032 | D:2      | Killed Natasha
  1033 | D:2      | Reached XP level 4. HP: 27/31 MP: 0/0
  1373 | D:2      | Found a faded altar of an unknown god.
  1387 | D:2      | Noticed Sigmund
  1411 | D:2      | Killed Sigmund
  1412 | D:2      | Reached XP level 5. HP: 12/35 MP: 0/0
  1412 | D:2      | Learned a level 2 spell: Wereblood
  1412 | D:2      | Reached XP level 6. HP: 14/40 MP: 0/0
  1439 | D:2      | Noticed Natasha
  1782 | D:2      | Killed Natasha
  1946 | D:2      | Noticed Natasha
  1954 | D:2      | Killed Natasha
  2525 | D:3      | Noticed a sky beast
  2535 | D:3      | Killed a sky beast
  2536 | D:3      | Reached XP level 7. HP: 18/45 MP: 0/0
  2536 | D:3      | Learned a level 3 spell: Swiftness
  2974 | D:3      | Noticed Terence
  2988 | D:3      | Killed Terence
  4329 | D:4      | Reached skill level 5 in Spellcasting
  4347 | D:4      | Reached skill level 5 in Dodging
  4347 | D:4      | Reached XP level 8. HP: 17/50 MP: 0/0
  4963 | D:4      | Noticed a yak
  5192 | D:4      | Killed a yak
  6096 | D:5      | Entered Level 5 of the Dungeon
  7177 | D:6      | Found a staircase to the Ecumenical Temple.
  7188 | D:6      | Reached XP level 9. HP: 28/55 MP: 0/0
  7188 | D:6      | Learned a level 4 spell: Fulminant Prism
  7201 | Temple   | Entered the Ecumenical Temple
  7936 | Temple   | Became a worshipper of Fedhas Madash
  8085 | D:6      | Reached skill level 5 in Stealth
  8085 | D:6      | Reached skill level 1 in Invocations
  8915 | D:6      | Noticed Duvessa
  8917 | D:6      | Noticed Dowan
  8930 | D:6      | Killed Duvessa
  8931 | D:6      | Killed Dowan
  9477 | D:7      | Noticed Menkaure
  9487 | D:7      | Killed Menkaure
  9635 | D:7      | Reached * piety under Fedhas
  9910 | D:7      | Noticed Joseph
  9919 | D:7      | Reached XP level 10. HP: 11/60 MP: 0/0
  9919 | D:7      | HP: 1/60 [Joseph/sling bullet (16)]
  9923 | D:7      | Slain by Joseph

Illustrated notes

Levels and vault maps discovered:
D:1:      dpeg_arrival_yet_another_circle, layout_basic, serial_shops,
          nicolae_shop_waterfront, grunt_decor_arrowhead, nrook_mini_vaults
D:2:      layout_basic, shapermc_ecumenical_altar_mp_urbaneastern,
          minmay_pentomino_x4, uniq_sigmund, uniq_natasha
D:3:      layout_basic, uniq_terence
D:4:      layout_cave_pods, glass_columns_b, grunt_ministairs_1, st_stairs_11,
          eino_tiny_chamber, roderic_serpentine_path,
          minmay_manual_mandibuliform
D:5:      layout_basic, hangedman_decor_growths
D:6:      layout_basic, minmay_temple_entry_arrows, uniq_duvessa
D:7:      layout_loops_corners, enter_ossuary_2, serial_park_tiny_pond,
          uniq_menkaure, uniq_joseph
Temple:   mainiacjoe_temple_starburst

Skill      XL: |  1  2  3  4  5  6  7  8  9 |
---------------+----------------------------+-----
Stealth        | 2 3 4 5 |  5.9
Spellcasting   | 3 4 5 6 7 |  7.2
Dodging        | 3 4 5 6 7 |  7.2
Invocations    | 4 |  4.6

Action                   |  1- 3 |  4- 6 |  7- 9 | 10-12 || total
-------------------------+-------+-------+-------+-------++-------
Melee: Unarmed           |     2 |       |       |       ||     2
       Dagger            |       |     2 |   155 |       ||   157
       Punch             |       |       |     5 |       ||     5
 Cast: Sting             |    27 |    59 |    64 |       ||   150
       Olgreb's Toxic Ra |       |     2 |    47 |       ||    49
       Mephitic Cloud    |       |     2 |     6 |       ||     8
       Wereblood         |       |       |     3 |       ||     3
       Fulminant Prism   |       |       |    16 |       ||    16
Evoke: Wand              |       |       |       |     4 ||     4
  Use: Scroll            |       |       |     6 |       ||     6
       Potion            |       |       |     1 |     1 ||     2
 Stab: Sleeping          |       |       |     3 |       ||     3
       Confused          |       |       |     4 |       ||     4
Armor: Robe              |     6 |     3 |    20 |       ||    29
Dodge: Dodged            |     9 |    16 |   123 |     1 ||   149
Block: Other             |       |       |    29 |       ||    29

Table legend: (Time is in decaauts)
 A = Elapsed time spent in this place.
 B = Non-inter-level travel time spent in this place.
 C = Inter-level travel time spent in this place.
 D = Time resting spent in this place.
 E = Time spent auto-exploring this place.
 F = Levels seen in this place.
 G = Mean time per level.
                   A        B        C        D        E       F      G
               +--------+--------+--------+--------+--------+-----+--------+
         Total |   9930 |   9472 |    458 |    865 |   7402 |   8 | 1241.2 |
       Dungeon |   9139 |   8785 |    354 |    865 |   6752 |   7 | 1305.6 |
        Temple |    790 |    686 |    104 |      0 |    650 |   1 |  790.0 |
               +--------+--------+--------+--------+--------+-----+--------+

Top non-repeatable levels by time:
     D:3: 1808 daAuts
     D:4: 1763 daAuts
     D:2: 1542 daAuts
     D:6: 1509 daAuts
     D:5: 1080 daAuts
     D:1: 990 daAuts
  Temple: 790 daAuts
     D:7: 445 daAuts
